 Dungeon Crawl Stone Soup version 0.29-a0-317-gd16b76e6b1 (webtiles) character file.

Game seed: 14536367536981369427

121 Ijustatesigmund the Grave Robber (level 4, -17/24 HPs)
             Began as a Deep Elf Necromancer on Apr 1, 2022.
             Killed from afar by Ijyb (38 damage)
             ... with a bolt of acid
             ... on level 3 of the Dungeon.
             The game lasted 00:06:25 (3640 turns).

Ijustatesigmund the Grave Robber (DENe)             Turns: 3640, Time: 00:06:34

Health: -17/24     AC:  5    Str:  5    XL:     4   Next: 77%
Magic:  7/10       EV: 11    Int: 22    God:
Gold:   31         SH:  0    Dex: 15    Spells: 8/9 levels left

rFire   . . .      SeeInvis .   e - +1 dagger (freeze)
rCold   . . .      Faith    .   (no shield)
rNeg    . . .      Spirit   .   a - +1 leather armour
rPois   .          Reflect  .   (no helmet)
rElec   .          Harm     .   (no cloak)
rCorr   .          Rampage  .   k - +0 pair of gloves
Will    .....                   (no boots)
Stlth   ++........              (no amulet)
HPRegen 0.08/turn               (no ring)
MPRegen 0.12/turn               (no ring)

@: no status effects
A: no striking features
a: no special abilities


You were on level 3 of the Dungeon.
You visited 1 branch of the dungeon, and saw 3 of its levels.

You collected 117 gold pieces.
You spent 86 gold pieces at shops.

Inventory:

Hand Weapons
 e - a +1 dagger of freezing (weapon)
 f - a +0 short sword
 l - the +3 flail of Neurosis {vorpal, *Noise +Blink rN++ Stlth+}
   (You found it on level 3 of the Dungeon)

   It inflicts extra damage upon your enemies.
   rN:        It greatly protects you from negative energy.
   +Blink:    It lets you blink.
   *Noise:    It may make noises in combat.
   Stlth:     It makes you more stealthy.
Armour
 a - a +1 leather armour (worn)
 k - a +0 pair of gloves (worn)
Scrolls
 i - a scroll of teleportation
 n - a scroll of fog
Potions
 b - a potion of magic
 c - a potion of resistance
 d - a potion of heal wounds
 g - a potion of lignification
 h - a potion of cancellation
 j - a potion of experience {unknown}
 m - 4 potions of curing
 p - a potion of haste {unknown}


   Skills:
 + Level 1.8 Armour
 - Level 2.4 Dodging
 - Level 2.4 Stealth
 - Level 3.0 Spellcasting
 * Level 6.7 Necromancy


You had 8 spell levels left.
You knew the following spells:

 Your Spells              Type           Power      Damage    Failure   Level
a - Pain                  Necr           100%       1d9       1%          1

Your spell library contained the following spells:

 Spells                   Type           Power      Damage    Failure   Level
 Animate Skeleton         Necr           64%        N/A       1%          1
 Vampiric Draining        Necr           32%        2d8       3%          3
 Animate Dead             Necr           16%        N/A       13%         4
 Foxfire                  Conj/Fire      12%        2x1d4     21%         1
 Ensorcelled Hibernation  Hex/Ice        6%         N/A       30%         2
 Agony                    Necr           32%        N/A       34%         5
 Anguish                  Hex/Necr       9%         N/A       45%         4
 Conjure Flame            Conj/Fire      3%         6-21      52%         3
 Inner Flame              Hex/Fire       3%         N/A       52%         3
 Spider Form              Tmut/Pois      3%         N/A       52%         3
 Flame Wave               Conj/Fire      3%         2d4       89%         4


Dungeon Overview and Level Annotations

Branches:
Dungeon (3/15)

Altars:
Gozag
Ru
Trog
Yredelemnul

Shops:
D:1 [   D:3 **:(

Annotations:
D:2 Sigmund
D:3 Ijyb


Message History

Confirm with . or Enter, or press ? or * to list all spells.
Aiming: Pain (safe; 1% risk of failure)
Press: ? - help, Shift-Dir - straight line, f/p - ball python
Aim: a ball python (severely wounded, chance to affect: 93%)
The ball python writhes in agony!
You kill the ball python!
Found a stone staircase leading down.
There is a stone staircase leading down here.
There is an escape hatch in the floor here.
Found Yschu Qeo's Book Shop.
There is an entrance to Yschu Qeo's Book Shop here.
A quokka comes into view.
Casting: Pain (safe; 1% risk of failure)
Confirm with . or Enter, or press ? or * to list all spells.
Aiming: Pain (safe; 1% risk of failure)
Press: ? - help, Shift-Dir - straight line, f - quokka
Aim: a quokka (chance to affect: 93%)
The quokka writhes in agony.
You kill the quokka!
Ijyb the Twisted Goblin comes into view.
She is wielding a +0 dagger and carrying a wand of acid (9).
Casting: Pain (safe; 1% risk of failure)
Confirm with . or Enter, or press ? or * to list all spells.
Aiming: Pain (safe; 1% risk of failure)
Press: ? - help, Shift-Dir - straight line, f - Ijyb
Aim: Ijyb, wielding a +0 dagger, wearing a +0 leather armour and carrying a wand of acid (9) (asleep, chance to affect: 88%) Ijyb writhes in agony.
Casting: Pain (safe; 1% risk of failure)
Confirm with . or Enter, or press ? or * to list all spells.
Aiming: Pain (safe; 1% risk of failure)
Press: ? - help, Shift-Dir - straight line, f/p - Ijyb
Aim: Ijyb, wielding a +0 dagger, wearing a +0 leather armour and carrying a wand of acid (9) (lightly wounded, chance to affect: 88%) Ijyb writhes in agony.
Casting: Pain (safe; 1% risk of failure)
Confirm with . or Enter, or press ? or * to list all spells.
Aiming: Pain (safe; 1% risk of failure)
Press: ? - help, Shift-Dir - straight line, f/p - Ijyb
Aim: Ijyb, wielding a +0 dagger, wearing a +0 leather armour and carrying a wand of acid (9) (moderately wounded, chance to affect: 88%) Ijyb writhes in agony!
Ijyb zaps a wand.
The bolt of acid hits you!!!
Ouch! That really hurt!
You die...

#.####.####.## #.###..........
#...........# #..............
####.##.###############..........
.....##.# #.......#..........
####.##.# #.......#..........
#.##.# #.......#..........
#.##.#######.......#..........
#.##......g........#..........
####.###########@................
.....# #........................
###### #.#......................
# .....####................. #
.......................... ###
.....####................. ..#
........................ #.#
...####.######.......... #.# #.#
#..........


You could see Ijyb.

Vanquished Creatures
  A hound (D:2)
  3 adders
  3 dart slugs
  6 ball pythons
  6 endoplasms
  2 giant cockroaches (D:1)
  4 goblins
  7 hobgoblins
  2 jackals (D:2)
  3 quokkas
  4 bats
  5 frilled lizards
  5 kobolds
  5 rats
56 creatures vanquished.

Notes
Turn   | Place    | Note
-------+----------+-------------------------------------------
     0 | D:1      | Ijustatesigmund the Deep Elf Necromancer began the quest
                  | for the Orb.
     0 | D:1      | Reached XP level 1. HP: 10/10 MP: 6/6
   125 | D:1      | Reached skill level 5 in Necromancy
   342 | D:1      | Reached XP level 2. HP: 13/15 MP: 6/8
   406 | D:1      | Found a faded altar of an unknown god.
  1010 | D:1      | Found Cituuv's Armour Shoppe.
  1319 | D:1      | Reached skill level 1 in Armour
  1499 | D:2      | Reached XP level 3. HP: 13/19 MP: 3/9
  1862 | D:2      | Reached skill level 6 in Necromancy
  2082 | D:2      | Found a basalt altar of Yredelemnul.
  2172 | D:2      | Reached XP level 4. HP: 22/24 MP: 8/10
  2485 | D:2      | Noticed Sigmund
  2739 | D:3      | Found an opulent altar of Gozag.
  2917 | D:3      | Identified the +3 flail of Neurosis {vorpal, *Noise +Blink
                  | rN++ Stlth+}
  2997 | D:3      | Found a bloodstained altar of Trog.
  3003 | D:3      | Found Teniorch's Antique Weapon Boutique.
  3175 | D:3      | Found Finikeow's General Store.
  3180 | D:3      | Bought a potion of curing for 36 gold pieces
  3180 | D:3      | Bought a scroll of fog for 24 gold pieces
  3227 | D:3      | Found a sacrificial altar of Ru.
  3244 | D:3      | Found Canotior's General Store.
  3252 | D:3      | Bought a scroll of identify for 26 gold pieces
  3584 | D:3      | Found Yschu Qeo's Book Shop.
  3637 | D:3      | Noticed Ijyb
  3640 | D:3      | Killed from afar by Ijyb

Illustrated notes

Levels and vault maps discovered:
D:1:      mrwooster_arrival_statue_2, layout_loops_ring, serial_shops,
          nicolae_shop_behind_doors, chequers_ecumenical_altar_island
D:2:      layout_loops_corners, basic_altar, minmay_misc_feat_plants,
          uniq_sigmund
D:3:      layout_basic, mainiacjoe_overflow_brackets, grunt_gozag_breadcrumbs,
          old_standard_altar, serial_shops, nicolae_lakefront_shop, shop_statue,
          nicolae_shop_trees, shop, uniq_ijyb

Skill      XL: |  1  2  3 |
---------------+----------+-----
Necromancy     | 5 6 |  6.7
Armour         | 1 |  1.8
Dodging        | |  2.4
Stealth        | |  2.4
Spellcasting   | |  3.0

Action                   |  1- 3 |  4- 6 || total
-------------------------+-------+-------++-------
 Cast: Pain              |    54 |    46 ||   100
  Use: Scroll            |    10 |     3 ||    13
Armor: Leather armour    |       |     1 ||     1
Dodge: Dodged            |     3 |     6 ||     9

Table legend: (Time is in decaauts)
 A = Elapsed time spent in this place.
 B = Non-inter-level travel time spent in this place.
 C = Inter-level travel time spent in this place.
 D = Time resting spent in this place.
 E = Time spent auto-exploring this place.
 F = Levels seen in this place.
 G = Mean time per level.
                   A        B        C        D        E       F      G
               +--------+--------+--------+--------+--------+-----+--------+
         Total |   3641 |   3591 |     50 |    570 |   2665 |   3 | 1213.7 |
       Dungeon |   3641 |   3591 |     50 |    570 |   2665 |   3 | 1213.7 |
               +--------+--------+--------+--------+--------+-----+--------+

Top non-repeatable levels by time:
     D:1: 1489 daAuts
     D:3: 1114 daAuts
     D:2: 1036 daAuts
